 Dungeon Crawl Stone Soup version 0.23.0-3-gf3c87f2df8 (webtiles) character file.

Game seed: 2210731516575448946

287 Sludgepup the Grave Robber (level 6, 0/32 HPs)
             Began as a Deep Elf Necromancer on Feb 23, 2019.
             Was an Initiate of Gozag.
             Slain by a worker ant (6 damage)
             ... on level 4 of the Dungeon.
             The game lasted 00:08:11 (3534 turns).

Sludgepup the Grave Robber (Deep Elf Necromancer)   Turns: 3534, Time: 00:08:12

Health: 0/32       AC:  2    Str:  5    XL:     6   Next: 8%
Magic:  6/17       EV: 13    Int: 22    God:    Gozag
Gold:   64         SH:  0    Dex: 15    Spells: 5/17 levels left

rFire    . . .     SeeInvis .   t - +1 dagger
rCold    + . .     Gourm    .   (no shield)
rNeg     . . .     Faith    .   a - +0 robe
rPois    .         Spirit   .   (no helmet)
rElec    .         Reflect  .   e - scarf {repulsion}
rCorr    .         Harm     .   (no gloves)
MR       .....                  (no boots)
Stlth    +++.......             (no amulet)
HPRegen  0.10/turn              w - ring of protection from cold
MPRegen  0.15/turn              q - ring of stealth

@: lethally poisoned (0 -> -3), repel missiles
A: no striking features
a: Potion Petition, Call Merchant, Bribe Branch, Renounce Religion


You were on level 4 of the Dungeon.
You worshipped Gozag.
Gozag was noncommittal.
You were not hungry.

You visited 1 branch of the dungeon, and saw 4 of its levels.

You collected 104 gold pieces.
You paid 40 gold pieces to Gozag.

Inventory:

Hand Weapons
 t - a +1 dagger (weapon)
 v - a +0 hunting sling
Missiles
 b - 180 stones (quivered)
 r - 42 sling bullets
Armour
 a - a +0 robe (worn)
 e - a scarf of repulsion (worn)
Jewellery
 i - an uncursed ring of ice
 m - an uncursed ring of positive energy
 q - a ring of stealth (right hand)
 w - a ring of protection from cold (left hand)
Scrolls
 d - a scroll of enchant weapon
 k - a scroll of fog {unknown}
 p - 4 scrolls of remove curse
 x - a scroll of noise {unknown}
Potions
 f - a potion of haste {unknown}
 h - 2 potions of cancellation
 n - a potion of brilliance {unknown}
 o - a potion of magic
 s - a potion of curing
 u - a potion of heal wounds {unknown}
Comestibles
 c - 6 rations


   Skills:
 - Level 2.4 Dodging
 - Level 2.4 Stealth
 * Level 6.4 Spellcasting
 * Level 7.1 Necromancy


You had 5 spell levels left.
You knew the following spells:

 Your Spells              Type           Power        Failure   Level  Hunger
a - Pain                  Necr           ####         1%          1    None
b - Animate Skeleton      Necr           N/A          1%          1    None
c - Vampiric Draining     Necr           #####.....   1%          3    #......
d - Regeneration          Chrm/Necr      ###.......   6%          3    #......
e - Animate Dead          Necr           N/A          4%          4    ###....

Your spell library contained the following spells:

 Spells                   Type           Power        Failure   Level  Hunger


Dungeon Overview and Level Annotations

Branches:
Dungeon (4/15)
 Temple: D:4-7

Altars:
Gozag
The Shining One

Annotations:
D:4 Sigmund


Message History

The worker ant twitches its antennae in your direction.
The hound skeleton misses you. The iguana misses you.
You see here a gold piece.
Unknown command.
The iguana closely misses you. The hound skeleton bites you.
Unknown command.
Unknown command.
The worker ant twitches its antennae in your direction.
The phantom blinks!
The worker ant completely misses you. The worker ant closely misses you.
Unknown command.
The worker ant barely misses you. The worker ant bites you.
* * * LOW HITPOINT WARNING * * *
You are poisoned.
The worker ant poisons you!
Unknown command.
Unknown command.
You feel sick. The worker ant bites you.
You die...
Your body crumbles into a pile of gold.

###...............#
#........###
####............#
#........##.
###..........####........##.
#....................####.
.............W...........
.........................
..........(gg$$..........
..........al.$_$#.#.###..
.......<@aZ..$$$#...# ##.
#............#........###
######.................#
##................#
#.../....#.........
#...............###
#................
##.###...#.....#.## #.#
#.#.##


You could see a phantom, an iguana, 2 worker ants, 2 gnolls and a hound
skeleton.

Vanquished Creatures
  A bullfrog skeleton (D:3)
  An orc priest (D:3)
  2 orc wizards (D:3)
  A worker ant (D:4)
  2 gnolls (D:4)
  5 adders
  An ooze (D:3)
  2 worms (D:3)
  2 dart slugs
  A leopard gecko (D:1)
  5 orcs
  4 giant cockroaches
  9 goblins
  3 hobgoblins
  7 jackals
  5 kobolds
  A quokka (D:2)
  A ball python (D:1)
  11 bats
  4 frilled lizards
  7 rats
75 creatures vanquished.

Notes
Turn   | Place    | Note
-------+----------+-------------------------------------------
     0 | D:1      | Sludgepup the Deep Elf Necromancer began the quest for the
                  | Orb.
     0 | D:1      | Reached XP level 1. HP: 10/10 MP: 6/6
    97 | D:1      | Reached skill level 5 in Necromancy
   179 | D:1      | Reached XP level 2. HP: 9/15 MP: 4/8
   330 | D:1      | Learned a level 1 spell: Animate Skeleton
   815 | D:2      | Found a glowing golden altar of the Shining One.
   923 | D:2      | Reached XP level 3. HP: 14/19 MP: 5/10
  1298 | D:2      | Learned a level 3 spell: Vampiric Draining
  1302 | D:2      | Learned a level 3 spell: Regeneration
  1828 | D:2      | Reached XP level 4. HP: 21/24 MP: 8/12
  1987 | D:3      | Reached skill level 6 in Necromancy
  2150 | D:3      | Learned a level 4 spell: Animate Dead
  2161 | D:3      | Reached skill level 5 in Spellcasting
  2218 | D:3      | Found a faded altar of an unknown god.
  2681 | D:3      | Reached XP level 5. HP: 22/28 MP: 15/15
  3064 | D:4      | Noticed a phantom
  3282 | D:4      | Found an opulent altar of Gozag.
  3291 | D:3      | Reached skill level 7 in Necromancy
  3501 | D:4      | Reached XP level 6. HP: 17/32 MP: 1/17
  3503 | D:4      | Noticed Sigmund
  3528 | D:4      | Became a worshipper of Gozag Ym Sagoz the Greedy
  3534 | D:4      | Slain by a worker ant

Skill      XL: |  1  2  3  4  5 |
---------------+----------------+-----
Necromancy     | 5 6 7 |  7.1
Spellcasting   | 4 5 6 |  6.4
Dodging        | |  2.4
Stealth        | |  2.4

Action                   |  1- 3 |  4- 6 || total
-------------------------+-------+-------++-------
Melee: Dagger            |       |    30 ||    30
Throw: Stone             |     1 |     1 ||     2
 Cast: Pain              |    69 |    59 ||   128
       Vampiric Draining |     2 |    10 ||    12
       Regeneration      |     2 |     1 ||     3
       Animate Dead      |       |     1 ||     1
  Use: Scroll            |       |     5 ||     5
       Potion            |       |     2 ||     2
  Eat: Chunk             |     3 |     2 ||     5
       Ration            |       |     1 ||     1
Armor: Robe              |       |     9 ||     9
Dodge: Dodged            |     9 |    63 ||    72
